 Dungeon Crawl Stone Soup version 0.29.0-4-gdea44cf6ec (webtiles) character file.

Game seed: 3846504599703916908

102 qw the Chopper (level 4, -3/26 HPs)
             Began as a Tengu Warper on Aug 29, 2022.
             Slain by a sky beast (5 damage)
             ... on level 3 of the Dungeon.
             The game lasted 00:00:52 (2646 turns).

qw the Chopper (Tengu Warper)                       Turns: 2646, Time: 00:00:53

Health: -3/26      AC:  8    Str: 13    XL:     4   Next: 78%
Magic:  8/8        EV:  6    Int: 14    God:
Gold:   120        SH:  0    Dex: 13    Spells: 7/7 levels left

rFire   . . .      SeeInvis .   h - +0 hand axe (vamp)
rCold   . . .      Faith    .   (no shield)
rNeg    . . .      Spirit   .   d - +0 chain mail
rPois   .          Reflect  .   (helmet restricted)
rElec   .          Harm     .   (no cloak)
rCorr   .          Rampage  .   (no gloves)
Will    .....                   (boots unavailable)
Stlth   ..........              (no amulet)
HPRegen 0.08/turn               (no ring)
MPRegen 0.11/turn               (no ring)

@: about to teleport
A: beak, talons 3
a: no special abilities


You were on level 3 of the Dungeon.
You visited 1 branch of the dungeon, and saw 3 of its levels.

You collected 120 gold pieces.


Innate Abilities, Weirdness & Mutations

You have a beak for a mouth.
You have claws for feet.


   Skills:
 - Level 2.0 Fighting
 + Level 5.3 Axes
 - Level 1.0 Throwing
 - Level 1.1 Armour
 - Level 2.1 Dodging
 - Level 2.0 Spellcasting
 - Level 2.4 Translocations


You had 7 spell levels left.
You didn't know any spells.
Your spell library contained the following spells:

 Spells                   Type           Power      Damage    Failure   Level
 Blink                    Tloc           16%        N/A       99%         2
 Gell's Gravitas          Tloc           8%         N/A       100%        3
 Lesser Beckoning         Tloc           8%         N/A       100%        3
 Teleport Other           Tloc           8%         N/A       100%        3
 Manifold Assault         Tloc           8%         N/A       100%        5

Inventory:

Hand Weapons
 h - a +0 vampiric hand axe (weapon)
 o - a +1 antimagic mace
Armour
 d - a +0 chain mail (worn)
Scrolls
 b - a scroll of teleportation
Potions
 a - a potion of degeneration {unknown}
 e - a potion of mutation {unknown}
 f - a potion of might {unknown}
 g - a potion of invisibility {unknown}
 i - a potion of curing {unknown}
 k - 3 potions of cancellation
 p - a potion of heal wounds {unknown}

Dungeon Overview and Level Annotations

Branches:
Dungeon (3/15)

Altars:

Annotations:
D:1 2 transporters


Message History

You hit the endoplasm.
You feel better.
You kill the endoplasm!
You miss something. The orc hits you but does no damage.
Something hits you but does no damage.
You barely miss the kobold. Your kick misses the kobold.
You peck the kobold, but do no damage. You miss something.
The orc hits you from afar with a +0 trident!
The kobold hits you but does no damage.
A sky beast appears from thin air!
Reactivating autopickup.
The sky beast hits you but does no damage.
You barely miss the sky beast. You peck the sky beast.
The sky beast is lightly wounded.
You barely miss the kobold. The orc closely misses you.
The sky beast hits you but does no damage.
The kobold hits you with a +0 short sword.
You miss the sky beast. Your peck misses the sky beast.
The sky beast is lightly wounded.
You hit the kobold but do no damage.
The orc hits you from afar with a +0 trident.
The sky beast flickers out of sight!
Deactivating autopickup; reactivate with Ctrl-A.
Something hits you but does no damage. The kobold hits you but does no damage.
You closely miss the kobold. Your kick misses the kobold. You hit something.
You feel better. The orc hits you but does no damage.
Something hits you but does no damage. The kobold hits you but does no damage.
You closely miss the kobold. You barely miss something.
The orc barely misses you. The kobold barely misses you. Something hits you.
Something shocks you.
2645 ||| READING 2 scrolls of teleportation.
As you read the scroll of teleportation, it crumbles to dust.
You feel strangely unstable. The orc hits you but does no damage.
Something hits you but does no damage.
The kobold hits you with a +0 short sword.
You closely miss the kobold. You claw the kobold.
You kill the kobold!
You hit something.
You feel better. The orc hits you but does no damage. Something hits you.
Something shocks you.
You die...

# #. #....[# .###.#
#..##.##
.....###..##..#
##......####.#
#....#.## #.### #
#.#....#####...## #.#
#.)......###..###
#...##...####.........
#S@..####..##...###
#.{##o.....# ###..##
#.##..##.### ##...#.
......## # ##......
......# #.......
........ #.......
.....### #.......
#.... ##...... #.
##...#.


You could see an adder and an orc.

Vanquished Creatures
  An orc wizard (D:3)
  2 adders (D:2)
  2 dart slugs (D:1)
  2 orcs
  5 bats
  5 endoplasms
  A giant cockroach (D:1)
  5 goblins
  3 hobgoblins
  4 jackals (D:1)
  8 kobolds
  4 ball pythons
  2 frilled lizards
  7 rats (D:1)
51 creatures vanquished.

Notes
Turn   | Place    | Note
-------+----------+-------------------------------------------
     0 | D:1      | qw the Tengu Warper began the quest for the Orb.
     0 | D:1      | Reached XP level 1. HP: 12/12 MP: 4/4
     0 | D:1      | 0 ||| qw: Version: 0.1-a-89-g26bdef1
     0 | D:1      | 0 ||| qw: Game counter: 3472
     0 | D:1      | 0 ||| qw: Always use a shield: true
     0 | D:1      | 0 ||| qw: God list: Okawaru
     0 | D:1      | 0 ||| qw: Allow faded altars: false
     0 | D:1      | 0 ||| qw: Do Orc after D:15 true
     0 | D:1      | 0 ||| qw: Do second Lair branch before Depths: true
     0 | D:1      | 0 ||| qw: Lair rune preference: random
     0 | D:1      | 0 ||| qw: Plans: Normal
     0 | D:1      | 0 ||| PLANNING D:1-11
    38 | D:1      | 38 ||| Stepping ~*~*~tactically~*~*~ (stealth).
    40 | D:1      | 40 ||| Stepping ~*~*~tactically~*~*~ (stealth).
    42 | D:1      | 42 ||| Stepping ~*~*~tactically~*~*~ (stealth).
    61 | D:1      | 61 ||| Stepping ~*~*~tactically~*~*~ (stealth).
    65 | D:1      | 65 ||| Stepping ~*~*~tactically~*~*~ (stealth).
    69 | D:1      | Reached XP level 2. HP: 17/17 MP: 6/6
    71 | D:1      | Reached skill level 3 in Axes
    73 | D:1      | 73 ||| Stepping ~*~*~tactically~*~*~ (hiding).
   572 | D:1      | Reached XP level 3. HP: 19/21 MP: 7/7
   624 | D:1      | 624 ||| DROPPING +0 club.
   805 | D:1      | Reached skill level 4 in Axes
  1107 | D:1      | 1107 ||| UPGRADING to +0 chain mail.
  1117 | D:1      | 1117 ||| DROPPING +0 leather armour.
  1118 | D:1      | 1118 ||| DROPPING +0 ring mail.
  1119 | D:1      | 1119 ||| DROPPING +2 leather armour of willpower.
  1120 | D:1      | 1120 ||| READING scroll labelled BEDUTRU IMEXI.
  1121 | D:1      | 1121 ||| READING scroll labelled HAONLO YTRU.
  1122 | D:1      | 1122 ||| READING scroll labelled ECULIUT WAUNN.
  1126 | D:1      | 1126 ||| READING scroll labelled VOKLERREWEC.
  1127 | D:1      | 1127 ||| DROPPING scroll of blinking.
  1596 | D:2      | Identified the +4 spear "Giantbane" {freeze, *Corrode rF+
                  | Int+5 Dex+3}
  1887 | D:2      | Found a faded altar of an unknown god.
  1986 | D:2      | Reached XP level 4. HP: 26/26 MP: 8/8
  2303 | D:2      | 2303 ||| DROPPING ring of flight.
  2304 | D:2      | 2304 ||| READING scroll labelled AGOTOYMOTOES.
  2305 | D:2      | 2305 ||| READING scroll labelled KANETAUSUI.
  2452 | D:2      | 2452 ||| DRINKING 2 fuming emerald potions.
  2453 | D:2      | 2453 ||| DRINKING 2 lumpy clear potions.
  2505 | D:2      | 2505 ||| DROPPING potion of lignification.
  2624 | D:3      | 2624 ||| Stepping ~*~*~tactically~*~*~ (hiding).
  2625 | D:3      | 2625 ||| Stepping ~*~*~tactically~*~*~ (hiding).
  2628 | D:3      | 2628 ||| Stepping ~*~*~tactically~*~*~ (hiding).
  2632 | D:3      | Noticed a sky beast
  2639 | D:3      | Reached skill level 5 in Axes
  2644 | D:3      | HP: 3/26 [something (6)]
  2645 | D:3      | 2645 ||| READING 2 scrolls of teleportation.
  2645 | D:3      | HP: 1/26 [kobold/+0 short sword (2)]
  2646 | D:3      | Slain by a sky beast

Levels and vault maps discovered:
D:1:      spicycebolla_arrival_transporter_tutorial, layout_basic, st_stairs_2
D:2:      layout_basic, hellmonk_ecumenical_altar_defaced_shrine,
          minmay_hedge_maze, minivault_11, kennysheep_flooded_box
D:3:      layout_rooms

Skill      XL: |  1  2  3  4 |
---------------+-------------+-----
Axes           | 3 4 5 |  5.3
Fighting       | |  2.0
Throwing       | |  1.0
Armour         | |  1.1
Dodging        | |  2.1
Spellcasting   | |  2.0
Translocations | |  2.4

Action                   |  1- 3 |  4- 6 || total
-------------------------+-------+-------++-------
Melee: Hand axe          |    77 |    37 ||   114
       Kick              |    13 |     9 ||    22
       Peck              |     9 |     6 ||    15
Throw: Boomerang         |     7 |       ||     7
  Use: Scroll            |     4 |     3 ||     7
       Potion            |       |     2 ||     2
Armor: Leather armour    |     8 |       ||     8
       Chain mail        |    15 |    42 ||    57
Dodge: Dodged            |    32 |    12 ||    44

Table legend:
 A = Non-vault XP
 B = Vault XP
 C = Vault XP percentage of total XP
 D = Non-vault monster count
 E = Vault monster count
 F = Vault count percentage of total count
                 A         B        C        D         E       F
            +---------+---------+-------+---------+---------+-------
      Total |     141 |       8 |   5.4 |      47 |       4 |   7.8
            +---------+---------+-------+---------+---------+-------
        D:1 |      44 |       5 |  10.2 |      25 |       3 |  10.7
        D:2 |      49 |       3 |   5.8 |      15 |       1 |   6.2
        D:3 |      48 |       0 |   0.0 |       7 |       0 |   0.0
            +---------+---------+-------+---------+---------+-------
